 Dungeon Crawl Stone Soup version 0.30-a0-756-gc2185399d4 (webtiles) character file.

Game seed: 6071284860797785631

179 Dirtsage the Slasher (level 5, 0/38 HPs)
             Began as a Merfolk Gladiator on Feb 9, 2023.
             Succumbed to a scorpion's poison
             ... on level 4 of the Dungeon.
             The game lasted 00:04:26 (1926 turns).

Dirtsage the Slasher (Merfolk Gladiator)            Turns: 1926, Time: 00:04:27

Health: 0/38       AC:  8    Str: 14    XL:     5   Next: 59%
Magic:  5/5        EV: 12    Int:  8    God:
Gold:   146        SH:  0    Dex: 17    Spells: 4/4 levels left

rFire   . . .      SeeInvis .    a - +0 long sword
rCold   . . .      Faith    .    (no shield)
rNeg    . . .      Spirit   .    p - +0 ring mail
rPois   .          Reflect  .    c - +0 helmet
rElec   .          Harm     .    n - +0 cloak
rCorr   .          Rampage  .    h - +0 pair of gloves
Will    .....                    (no boots)
Stlth   +                        (no amulet)
HPRegen 0.26/turn                (no ring)
MPRegen 0.09/turn                (no ring)

@: mighty, lethally poisoned (0 -> -19)
A: (nimble swimmer 2), mertail
a: no special abilities


You were on level 4 of the Dungeon.
You visited 1 branch of the dungeon, and saw 4 of its levels.

You collected 172 gold pieces.
You spent 26 gold pieces at shops.

Inventory:

Hand Weapons
 a - a +0 long sword (weapon)
 s - a +1 heavy falchion
Missiles
 d - 2 throwing nets (quivered)
 e - a javelin
Armour
 b - a +0 leather armour
 c - a +0 helmet (worn)
 h - a +0 pair of gloves (worn)
 n - a +0 cloak (worn)
 p - a +0 ring mail (worn)
Scrolls
 g - a scroll of enchant armour
 i - 4 scrolls of identify
 l - a scroll of summoning {unknown}
 m - a scroll of poison {unknown}
Potions
 f - a potion of degeneration {unknown}
 j - a potion of ambrosia {unknown}
 o - a potion of resistance {unknown}
 q - a potion of haste {unknown}
 r - a potion of heal wounds {unknown}


   Skills:
 - Level 2.1 Fighting
 + Level 7.3 Long Blades
 - Level 2.0 Throwing
 - Level 4.0 Dodging


You had 4 spell levels left.
You didn't know any spells.
Your spell library contained the following spells:

 Spells                   Type           Power      Damage    Failure   Level
 Sublimation of Blood     Necr           0%         N/A       80%         2
 Wereblood                Tmut           0%         N/A       80%         2
 Summon Hydra             Summ           0%         N/A       100%        7


Dungeon Overview and Level Annotations

Branches:
Dungeon (3/15)

Altars:
Nemelex Xobeh

Shops:
D:1 ?[


Innate Abilities, Weirdness & Mutations

((You are very nimble when in or above water. (Stealth+, EV+, Speed+++)))
Your lower body shifts to a powerful aquatic tail in water.


Message History

The scorpion poisons you!
You take 3 damage, and have 32/38 hp.
You closely miss the scorpion.
The scorpion is lightly wounded.
You feel very sick. The scorpion barely misses you.
You take 4 damage, and have 28/38 hp.
You closely miss the scorpion.
The scorpion is lightly wounded.
You feel sick.
The scorpion stings you but does no damage.
You take 2 damage, and have 26/38 hp.
You barely miss the scorpion.
The scorpion is lightly wounded.
You feel sick.
The scorpion stings you but does no damage.
You take 2 damage, and have 24/38 hp.
You hit the scorpion.
The scorpion is moderately wounded.
You feel sick. The scorpion stings you.
You are more poisoned.
The scorpion poisons you! The scorpion closely misses you.
You take 4 damage, and have 20/38 hp.
You closely miss the scorpion.
The scorpion is moderately wounded.
You feel very sick. The scorpion stings you.
You are more poisoned.
The scorpion poisons you!
You take 6 damage, and have 14/38 hp.
You hit the scorpion but do no damage.
The scorpion is moderately wounded.
* * * LOW HITPOINT WARNING * * *
You feel very sick. The scorpion stings you.
* * * LOW HITPOINT WARNING * * *
You take 11 damage, and have 3/38 hp.
MASSIVE DAMAGE!!
It was a potion of might.
You feel very mighty all of a sudden.
You die...

########## #.........
###########.######..
##.........).#
###.###.#####.@# ###.#.#
#........s......
...#..##..............##
..###.._.......#.##.....
##.#.##........#.# .###.
#.<............[. .
#.#####.......#.# . #.#
...... #.# .. #.# ....


You could see a scorpion.

Vanquished Creatures
  A hound (D:4)
  An orc priest (D:3)
  A jelly (D:4)
  2 adders (D:2)
  3 worms
  2 dart slugs
  3 orcs
  6 endoplasms
  A giant cockroach (D:3)
  4 goblins
  3 hobgoblins
  2 jackals (D:1)
  6 kobolds
  A quokka (D:2)
  4 ball pythons
  8 bats
  7 frilled lizards
  4 rats
59 creatures vanquished.

Notes
Turn   | Place    | Note
-------+----------+-------------------------------------------
     0 | D:1      | Dirtsage the Merfolk Gladiator began the quest for the Orb.
     0 | D:1      | Reached XP level 1. HP: 16/16 MP: 1/1
   103 | D:1      | Reached skill level 4 in Long Blades
   149 | D:1      | Reached XP level 2. HP: 22/22 MP: 2/2
   192 | D:1      | Found Luukihap's Armour Shoppe.
   446 | D:1      | Reached XP level 3. HP: 27/27 MP: 3/3
   457 | D:1      | Found Tedghod's Magic Scroll Boutique.
   463 | D:1      | Reached skill level 5 in Long Blades
   466 | D:1      | Bought a scroll of identify for 26 gold pieces
   994 | D:2      | Reached XP level 4. HP: 33/33 MP: 4/4
  1400 | D:2      | Reached skill level 6 in Long Blades
  1742 | D:3      | Reached XP level 5. HP: 21/38 MP: 5/5
  1780 | D:3      | You fall into a shaft and drop 1 floor!
  1840 | D:4      | Reached skill level 7 in Long Blades
  1880 | D:4      | Found a sparkling altar of Nemelex Xobeh.
  1926 | D:4      | Succumbed to a scorpion's poison

Illustrated notes

Levels and vault maps discovered:
D:1:      dpeg_arrival_rooms_b, layout_rooms, serial_shops,
          nicolae_shop_advertising_works [nicolae_subvault_shop_adworks],
          nicolae_shop_temple_entry_statues_fountains
D:2:      layout_basic, nicolae_eternal_life
D:3:      layout_basic, uniq_ijyb, uniq_terence
D:4:      layout_loops_ring, overflow_temple_1_default, led_xom_imps,
          mainiacjoe_overflow_swirl

Skill      XL: |  1  2  3  4  5 |
---------------+----------------+-----
Long Blades    | 4 5 6 7 |  7.3
Fighting       | |  2.1
Throwing       | |  2.0
Dodging        | |  4.0

Action                     |  1- 3 |  4- 6 || total
---------------------------+-------+-------++-------
  Melee: Long sword        |   102 |    70 ||   172
         Punch             |     1 |       ||     1
  Throw: Throwing net      |       |     1 ||     1
    Use: Scroll            |     1 |       ||     1
         Potion            |       |     1 ||     1
   Stab: Sleeping          |     4 |     1 ||     5
 Armour: Leather armour    |    23 |    16 ||    39
         Ring mail         |       |    11 ||    11
  Dodge: Dodged            |    57 |    38 ||    95

Table legend: (Time is in decaauts)
 A = Elapsed time spent in this place.
 B = Non-inter-level travel time spent in this place.
 C = Inter-level travel time spent in this place.
 D = Time resting spent in this place.
 E = Time spent auto-exploring this place.
 F = Levels seen in this place.
 G = Mean time per level.
                   A        B        C        D        E       F      G
               +--------+--------+--------+--------+--------+-----+--------+
         Total |   1947 |   1889 |     58 |      0 |   1432 |   4 |  486.8 |
       Dungeon |   1947 |   1889 |     58 |      0 |   1432 |   4 |  486.8 |
               +--------+--------+--------+--------+--------+-----+--------+

Top non-repeatable levels by time:
     D:2: 1019 daAuts
     D:1: 554 daAuts
     D:3: 228 daAuts
     D:4: 145 daAuts
